 Dungeon Crawl Stone Soup version 0.27-a0-263-gc8dee61f84 (webtiles) character file.

Game seed: 9793837141336119016

28 knot the Chopper (level 3, 25/29 HPs)
             Began as a Demonspawn Berserker on Feb 5, 2021.
             Was a Believer of Trog.
             Quit the game on level 1 of the Dungeon.
             The game lasted 00:00:38 (856 turns).

knot the Chopper (Demonspawn Berserker)              Turns: 856, Time: 00:00:39

Health: 25/29      AC:  3    Str: 17    XL:     3   Next: 0%
Magic:  3/3        EV: 12    Int:  9    God:    Trog [**....]
Gold:   40         SH:  0    Dex: 12    Spells: 2/2 levels left

rFire    . . .     SeeInvis .   a - +0 hand axe
rCold    . . .     Faith    .   (no shield)
rNeg     . . .     Spirit   .   b - +0 animal skin
rPois    .         Reflect  .   (helmet restricted)
rElec    .         Harm     .   (no cloak)
rCorr    .         Rampage  .   e - +0 pair of gloves
Will     .....                  (no boots)
Stlth    +.........             (no amulet)
HPRegen  0.09/turn              (no ring)
MPRegen  0.16/turn              (no ring)

@: no status effects
A: horns 1, magic regeneration
a: Renounce Religion, Berserk, Trog's Hand


You were on level 1 of the Dungeon.
You worshipped Trog.
Trog was pleased with you.
You visited 1 branch of the dungeon, and saw 2 of its levels.

You collected 40 gold pieces.

Inventory:

Hand Weapons
 a - a +0 hand axe (weapon)
Missiles
 f - 3 boomerangs of dispersal
 g - a throwing net
 i - 8 sling bullets
Armour
 b - a +0 animal skin (worn)
 e - a +0 pair of gloves (worn)
Jewellery
 h - an uncursed amulet of guardian spirit {unknown}
Scrolls
 c - a scroll of noise {unknown}
Potions
 d - a potion of curing {unknown}
 j - a potion of flight {unknown}


   Skills:
 - Level 3.0 Fighting
 + Level 3.8 Axes
 - Level 1.7 Armour
 - Level 1.7 Dodging


You had 2 spell levels left.
You didn't know any spells.
Your spell library was empty.

Dungeon Overview and Level Annotations

Branches:
Dungeon (2/15)

Altars:


Innate Abilities, Weirdness & Mutations

You have a pair of small horns on your head.
You regenerate magic rapidly.


Message History

You can now call upon Trog for regeneration and willpower.
No target in view!
No target in view!
Things that are here:
a +0 club; a goblin corpse A hobgoblin comes into view.
It is wielding a +0 club.
The hobgoblin shouts!
You closely miss the hobgoblin. The hobgoblin closely misses you.
You hit the hobgoblin but do no damage. The hobgoblin hits you with a +0 club.
You hit the hobgoblin.
You kill the hobgoblin!
Trog accepts your kill.
You have reached level 3!
Your experience leads to an increase in your attributes!
Increase (S)trength, (I)ntelligence, or (D)exterity?
You feel clever.
You feel monstrous as your demonic heritage exerts itself.
Your demonic ancestry asserts itself...
A pair of horns grows on your head!
Are you sure you want to abandon this character and quit the game? (Confirm with "yes".)

###
###########
#.#
#..@)......
..#
#.#########
#.# #.# #.#
#.# #.#
######.# #.#
#......# #.#
#.############
#.# #.#
#........# #.#
#########.#
#.#...##.# #.#


There were no monsters in sight!

Vanquished Creatures
  2 dart slugs
  2 bats (D:1)
  5 goblins
  4 hobgoblins (D:1)
  4 jackals (D:1)
  2 frilled lizards (D:1)
  A kobold (D:1)
  A rat (D:1)
21 creatures vanquished.

Notes
Turn   | Place    | Note
-------+----------+-------------------------------------------
     0 | D:1      | knot the Demonspawn Berserker began the quest for the Orb.
     0 | D:1      | Reached XP level 1. HP: 18/18 MP: 1/1
   120 | D:1      | Gained mutation: You regenerate magic rapidly. [demonic
                  | ancestry]
   120 | D:1      | Reached XP level 2. HP: 20/24 MP: 2/2
   609 | D:1      | You fall into a shaft and drop 1 floor!
   800 | D:1      | Reached ** piety under Trog
   856 | D:1      | Gained mutation: You have a pair of small horns on your
                  | head. [demonic ancestry]
   856 | D:1      | Reached XP level 3. HP: 25/29 MP: 3/3
   856 | D:1      | Quit the game

Illustrated notes

Levels and vault maps discovered:
D:1:      dpeg_arrival_boxes_within_box, layout_basic
D:2:      layout_basic

Skill      XL: |  1 |
---------------+----+-----
Axes           | 3 |  3.8
Fighting       | |  3.0
Armour         | |  1.7
Dodging        | |  1.7

Action                   || total
-------------------------++-------
Melee: Hand axe          ||    67
Armor: Animal skin       ||    13
Dodge: Dodged            ||    37

Table legend: (Time is in decaauts)
 A = Elapsed time spent in this place.
 B = Non-inter-level travel time spent in this place.
 C = Inter-level travel time spent in this place.
 D = Time resting spent in this place.
 E = Time spent auto-exploring this place.
 F = Levels seen in this place.
 G = Mean time per level.
                   A        B        C        D        E       F      G
               +--------+--------+--------+--------+--------+-----+--------+
         Total |    865 |    856 |      9 |      0 |    708 |   2 |  432.5 |
       Dungeon |    865 |    856 |      9 |      0 |    708 |   2 |  432.5 |
               +--------+--------+--------+--------+--------+-----+--------+

Top non-repeatable levels by time:
     D:1: 679 daAuts
     D:2: 186 daAuts
